 Dungeon Crawl Stone Soup version 0.29-a0-393-g47a863cc1b (webtiles) character file.

Game seed: 7974690852543645734

4621 bande the Cleaver (level 10, -4/61 HPs)
             Began as a Gargoyle Fighter on May 9, 2022.
             Was an Elder of Okawaru.
             Slain by a yak (6 damage)
             ... on level 8 of the Dungeon.
             The game lasted 00:15:13 (9709 turns).

bande the Cleaver (Gargoyle Fighter)                Turns: 9709, Time: 00:15:13

Health: -4/61      AC: 26    Str: 21    XL:     10   Next: 42%
Magic:  14/14      EV:  6    Int:  8    God:    Okawaru [****..]
Gold:   1499       SH:  6    Dex: 13    Spells: 9/9 levels left

rFire   . . .      SeeInvis .   B - +1 hand axe (vamp)
rCold   + . .      Faith    .   c - +1 buckler
rNeg    + . .      Spirit   .   p - +0 plate armour
rPois   ∞          Reflect  .   (no helmet)
rElec   +          Harm     .   v - +2 cloak
rCorr   .          Rampage  .   (no gloves)
Will    .....                   z - +1 pair of boots
Stlth   ..........              (no amulet)
HPRegen 0.20/turn               y - ring of protection from cold
MPRegen 0.14/turn               (no ring)

@: about to teleport
A: sickness immunity, AC +7, negative energy resistance 1, electricity
resistance, torment resistance 1, petrification resistance, MP-powered wands
a: Renounce Religion, Heroism, Finesse


You were on level 8 of the Dungeon.
You worshipped Okawaru.
Okawaru was greatly pleased with you.
You visited 2 branches of the dungeon, and saw 11 of its levels.
You also visited: Ossuary.

You collected 1499 gold pieces.

Inventory:

Hand Weapons
 a - a +1 war axe
 i - a +5 flail
 B - a +1 vampiric hand axe (weapon)
Missiles
 g - a throwing net (quivered)
Armour
 c - a +1 buckler (worn)
 p - a +0 plate armour (worn)
 v - a +2 cloak (worn)
 z - a +1 pair of boots (worn)
Jewellery
 h - an amulet of faith
 y - a ring of protection from cold (left hand)
Wands
 b - a wand of iceblast (11)
 d - a wand of mindburst (7)
 r - a wand of polymorph (9)
 w - a wand of flame (9)
 E - a wand of paralysis (3)
Scrolls
 e - a scroll of amnesia
 l - 4 scrolls of enchant weapon
 s - 4 scrolls of enchant armour
 t - a scroll of poison
 A - a scroll of magic mapping
 C - a scroll of fog
Potions
 f - 4 potions of flight
 j - a potion of magic {unknown}
 k - 5 potions of curing
 m - a potion of ambrosia {unknown}
 n - 2 potions of mutation
 o - a potion of experience {unknown}
 q - a potion of cancellation {unknown}
 u - a potion of brilliance {unknown}
 x - a potion of attraction {unknown}


   Skills:
 + Level 6.6 Fighting
 + Level 8.7 Axes
 + Level 7.0 Armour
 + Level 5.7 Shields
 * Level 5.7 Invocations
 * Level 4.9 Evocations


You had 9 spell levels left.
You didn't know any spells.
Your spell library contained the following spells:

 Spells                   Type           Power      Damage    Failure   Level
 Scorch                   Fire           0%         2d5       100%        2
 Static Discharge         Conj/Air       0%         N/A       100%        2
 Confusing Touch          Hex            0%         N/A       100%        3
 Dazzling Flash           Conj/Hex       0%         N/A       100%        3
 Dispel Undead            Necr           0%         3d6       100%        4
 Flame Wave               Conj/Fire      0%         2d4       100%        4
 Sticky Flame             Conj/Fire      0%         2d3       100%        4
 Agony                    Necr           0%         N/A       100%        5
 Silence                  Hex/Air        0%         N/A       100%        5
 Enfeeble                 Hex            0%         N/A       100%        7
 Summon Mana Viper        Hex/Summ       Unusable   N/A       N/A         5
 Summon Cactus Giant      Summ           Unusable   N/A       N/A         6

Dungeon Overview and Level Annotations

Branches:
Dungeon (10/15)            Temple (1/1) D:4         Ossuary (visited)
   Lair: D:8-11         Orc: D:9-12

Altars:
Ashenzari
Cheibriados
Dithmenos
Elyvilon
Fedhas
Gozag
Hepliaklqana
Nemelex Xobeh
Okawaru
Ru
Trog
Vehumet
Wu Jian
Xom
Yredelemnul
Zin

Shops:
D:9 (


Innate Abilities, Weirdness & Mutations

You are immune to sickness and miasma.
Your stone body is resilient. (AC +7)
You are immune to poison.
You resist negative energy. (rN+)
You are resistant to electric shocks. (rElec)
You are resistant to unholy torment.
You are immune to petrification.
You expend magic power (3 MP) to strengthen your wands.


Message History

You are too injured to fight recklessly!
You are too injured to fight recklessly!
You hit the yak.
You feel better.
The yak is moderately wounded.
You hit the yak.
You feel better.
You barely miss the yak. You closely miss the yak. You block the yak's attack.
The yak barely misses you.
The yak gores you but does no damage. x2
Unknown command.
You completely miss the yak.
The yak is moderately wounded.
You hit the yak.
You feel better.
You barely miss the yak. You hit the yak but do no damage. The yak gores you.
The yak gores you! x2
* * * LOW HITPOINT WARNING * * *
The yak gores you but does no damage.
Unknown command.
You hit the yak.
You feel better.
The yak is moderately wounded.
You closely miss the yak. x2; You hit the yak.
You feel better.
Unknown command.
You hit the yak.
The yak is heavily wounded.
You hit the yak. x2; You feel better. You hit the yak.
You feel better. The yak gores you but does no damage.
A white imp comes into view.
You block the yak's attack. The yak gores you but does no damage.
Unknown command.
As you read the scroll of teleportation, it crumbles to dust.
You feel strangely unstable.
The white imp shouts, "Return whence thou came, thou puny swag-bellied dandiprat!"
The yak closely misses you. You block the yak's attack.
The yak completely misses you. You block the yak's attack.
The yak attacks as you move away! The yak gores you.
* * * LOW HITPOINT WARNING * * *
The yak gores you!
* * * LOW HITPOINT WARNING * * *
The yak attacks as you move away! The yak gores you but does no damage.
The yak attacks as you move away! The yak gores you.
* * * LOW HITPOINT WARNING * * *
The yak attacks as you move away! The yak gores you.
You die...

#......# #......#
#......# .
#......###+###
.(#####............##
.....................
.............>.......
.........Y...........
....5...YY@..........
........YY...####+#..
.............# #
........$....#
###.####.....# .(.
#.....# .#. #.....# .
#.....#


You could see 5 yaks and a white imp.

Vanquished Creatures
  Pikel (D:5)
  A manticore (D:7)
  A hornet (D:7)
  An orc warrior (D:9)
  A water moccasin (D:9)
  An ice beast (D:6)
  A black bear (D:6)
  2 ogres (D:5)
  4 centaurs
  A wolf (D:8)
  A lemure (D:5)
  A phantom (D:6)
  A necrophage (D:6)
  A bullfrog (D:7)
  4 scorpions
  A water moccasin zombie (Ossuary)
  19 wights
  4 killer bees (D:9)
  6 howler monkeys
  A jelly (D:7)
  3 orc priests
  5 hounds
  Crazy Yiuf (D:5)
  A gnoll shaman (D:9)
  Jessica (D:2)
  An iguana (D:6)
  Ijyb (D:5)
  Natasha (thrice) (D:3)
  3 orc wizards
  A centaur simulacrum (D:8)
  2 mummies (Ossuary)
  3 gnolls (D:1)
  6 adders
  A white imp (D:5)
  6 adder zombies (Ossuary)
  2 worms (D:2)
  6 dart slugs
  18 orcs
  10 bats
  3 endoplasms
  A giant cockroach (D:4)
  A gnoll zombie (Ossuary)
  5 goblins
  8 hobgoblins
  4 quokkas
  5 ball pythons
  2 frilled lizards
  3 hobgoblin zombies (Ossuary)
  12 kobolds
  9 kobold zombies (Ossuary)
  2 orc zombies (Ossuary)
  5 rats
187 creatures vanquished.

Notes
Turn   | Place    | Note
-------+----------+-------------------------------------------
     0 | D:1      | bande the Gargoyle Fighter began the quest for the Orb.
     0 | D:1      | Reached XP level 1. HP: 14/14 MP: 1/1
   151 | D:1      | Reached XP level 2. HP: 8/19 MP: 2/2
   561 | D:1      | Found a faded altar of an unknown god.
   701 | D:1      | Reached skill level 2 in Axes
   967 | D:2      | Reached XP level 3. HP: 23/23 MP: 3/3
   984 | D:2      | Got the Collected Works on Hexes
  1351 | D:1      | Reached XP level 4. HP: 17/29 MP: 4/4
  1624 | D:2      | Reached skill level 3 in Axes
  1868 | D:2      | Noticed Jessica
  1890 | D:2      | Killed Jessica
  1891 | D:2      | Reached XP level 5. HP: 17/33 MP: 5/5
  2754 | D:3      | Noticed Natasha
  2762 | D:3      | Killed Natasha
  2887 | D:3      | Noticed Natasha
  2896 | D:3      | Killed Natasha
  2974 | D:3      | Noticed Natasha
  2979 | D:3      | Killed Natasha
  2980 | D:3      | Reached skill level 4 in Axes
  2980 | D:3      | Reached XP level 6. HP: 38/38 MP: 6/6
  3013 | D:4      | Found a shimmering altar of Xom.
  3032 | D:4      | Found a shimmering altar of Xom.
  3032 | D:4      | Found a shimmering altar of Xom.
  3200 | D:4      | Found a sacrificial altar of Ru.
  3432 | D:4      | Found a sparkling altar of Nemelex Xobeh.
  3675 | D:4      | Found a staircase to the Ecumenical Temple.
  3684 | Temple   | Entered the Ecumenical Temple
  3754 | Temple   | Became a worshipper of Warmaster Okawaru
  3864 | D:5      | Entered Level 5 of the Dungeon
  3884 | D:5      | Noticed Pikel
  3909 | D:5      | Killed Pikel
  3909 | D:5      | Reached * piety under Okawaru
  3909 | D:5      | Reached ** piety under Okawaru
  3910 | D:5      | Reached skill level 5 in Axes
  3910 | D:5      | Reached skill level 5 in Armour
  3910 | D:5      | Reached skill level 1 in Evocations
  3910 | D:5      | Reached XP level 7. HP: 5/44 MP: 6/8
  4516 | D:5      | Reached XP level 8. HP: 48/48 MP: 9/9
  5261 | D:5      | Noticed Ijyb
  5272 | D:5      | Killed Ijyb
  5273 | D:5      | Reached skill level 5 in Fighting
  5368 | D:5      | Found a runed translucent door.
  5369 | D:5      | Noticed Crazy Yiuf
  5418 | D:5      | Reached skill level 6 in Axes
  6076 | D:5      | Killed Crazy Yiuf
  6132 | D:6      | Identified a scroll of acquirement
  6132 | D:6      | Acquired 1192 gold pieces
  6166 | D:6      | Reached *** piety under Okawaru
  6442 | D:6      | Reached XP level 9. HP: 15/54 MP: 11/11
  6508 | D:6      | Found a sand-covered staircase.
  6521 | Ossuary  | Entered an ossuary
  7110 | D:6      | Reached skill level 7 in Axes
  7157 | D:6      | Reached skill level 5 in Shields
  7757 | D:7      | Noticed a manticore
  8188 | D:7      | Killed a manticore
  8193 | D:7      | Reached **** piety under Okawaru
  8582 | D:7      | Reached skill level 8 in Axes
  8696 | D:7      | Noticed a hornet
  8706 | D:7      | Killed a hornet
  8707 | D:7      | Reached skill level 5 in Invocations
  8735 | D:7      | You fall into a shaft and drop 3 floors!
  8735 | D:10     | Entered Level 10 of the Dungeon
  8750 | D:9      | Reached XP level 10. HP: 59/60 MP: 13/13
  8819 | D:9      | Gained mutation: You expend magic power (3 MP) to
                  | strengthen your wands. [potion of mutation]
  9031 | D:9      | Found a flagged portal.
  9636 | D:9      | Found Zeshrivi's Antique Weapon Shoppe.
  9709 | D:8      | HP: 2/61 [yak (6)]
  9709 | D:8      | Slain by a yak

Illustrated notes

Levels and vault maps discovered:
D:1:      giann_forest_graveyard, layout_rooms,
          hellmonk_ecumenical_altar_arch_garden
D:2:      layout_rooms, uniq_jessica
D:3:      layout_basic, chequers_avenue, grunt_decor_junction, uniq_natasha
D:4:      layout_basic, nicolae_ru_great_annihilating_truth,
          nemelex_dance_club_becter, xom_redecorated, lemuel_temple_firewalk_b
D:5:      layout_loops_corners, minmay_fractal_squares_gapless_5, uniq_pikel,
          uniq_crazy_yiuf_cottage, uniq_ijyb
D:6:      layout_loops_ring, enter_ossuary_1, kennysheep_dice
D:7:      layout_basic, minmay_tree_intersection, minmay_starry_boxes
D:8:      layout_gridville, led_sif_pool, tso_altar, nicolae_uskayaw_dance_hall,
          lair_entry_dummy, serial_ice, serial_ice_m, serial_ice_i,
          serial_ice_f, serial_ice_o, serial_ice_n, serial_ice_b, serial_ice_g,
          serial_ice_a, serial_ice_h, serial_ice_e
D:9:      minmay_general_purpose_star, layout_basic, enter_bailey_5,
          minmay_shop_grid_forest
D:10:     layout_cross, grunt_temple_overflow_open, erik_orc_2,
          gammafunk_ghost_necromancy, chequers_serial_rivers_large_a,
          uniq_erica, uniq_gastronok
Temple:   dshaligram_water_room_temple

Skill      XL: |  1  2  3  4  5  6  7  8  9 10 |
---------------+-------------------------------+-----
Axes           | 2 3 4 5 6 8 |  8.7
Armour         | 4 5 6 7 |  7.0
Fighting       | 4 5 6 |  6.6
Shields        | 4 5 |  5.7
Invocations    | 2 3 5 |  5.7
Evocations     | 1 2 3 4 |  4.9

Action                   |  1- 3 |  4- 6 |  7- 9 | 10-12 || total
-------------------------+-------+-------+-------+-------++-------
Melee: War axe           |    63 |   158 |   318 |    12 ||   551
       Hand axe          |       |       |       |   227 ||   227
  Use: Scroll            |     5 |     7 |     5 |     2 ||    19
       Potion            |       |     3 |     3 |     1 ||     7
 Stab: Paralysed         |       |     1 |       |       ||     1
Armor: Scale mail        |    46 |    25 |       |       ||    71
       Plate armour      |       |    90 |   225 |   178 ||   493
Dodge: Dodged            |    46 |    52 |    92 |    68 ||   258
Block: Buckler           |    20 |    43 |   110 |    78 ||   251

Table legend: (Time is in decaauts)
 A = Elapsed time spent in this place.
 B = Non-inter-level travel time spent in this place.
 C = Inter-level travel time spent in this place.
 D = Time resting spent in this place.
 E = Time spent auto-exploring this place.
 F = Levels seen in this place.
 G = Mean time per level.
                   A        B        C        D        E       F      G
               +--------+--------+--------+--------+--------+-----+--------+
         Total |   9864 |   9705 |    159 |   2790 |   4630 |  12 |  822.0 |
       Dungeon |   9249 |   9090 |    159 |   2493 |   4510 |  10 |  924.9 |
        Temple |     90 |     90 |      0 |      0 |      0 |   1 |   90.0 |
       Ossuary |    524 |    524 |      0 |    297 |    120 |   1 |  524.0 |
               +--------+--------+--------+--------+--------+-----+--------+

Top non-repeatable levels by time:
     D:5: 2290 daAuts
     D:1: 1424 daAuts
     D:7: 1155 daAuts
     D:6: 969 daAuts
     D:2: 943 daAuts
     D:9: 911 daAuts
     D:4: 768 daAuts
     D:3: 742 daAuts
 Ossuary: 524 daAuts
  Temple: 90 daAuts
     D:8: 37 daAuts
    D:10: 4 daAuts
